Map: Blackpink LE

Players

Lillekanin

  • Race: Terran Terran
  • Spawn Location: 7:00

Zanster - Winner!

  • Race: Zerg Zerg
  • Spawn Location: 1:00

Event: WCS Leipzig 2018

VOD

Have the link to the VOD?

Description

Time

  • Played on: Jan. 26, 2018, 9:38 a.m.
  • Length: 21:07

All games in this series

Show
View Real Time Build Order
Export as new Build Order

Lillekanin Terran 

Build Orders: Gas First Reaper Expand, Reaper Expand, Mech 

Get SALT Encoding   

  12  0:00  SCV  
  13  0:12  SCV  
  14  0:17  Supply Depot  
  14  0:24  SCV  
  15  0:29  Refinery  
  15  0:39  SCV  
  16  0:44  Barracks  
  16  0:51  SCV  
  17  1:03  SCV  
  18  1:15  SCV  
  19  1:31  Orbital Command, Reaper  
  20  1:46  Command Center  
  20  1:56  Factory  
  20  2:00  SCV  
  21  2:07  Barracks Reactor  
  21  2:12  SCV  
  21  2:13  Supply Depot  
  22  2:20  Refinery  
  22  2:24  SCV  
  23  2:36  SCV  
  24  2:43  Starport  
  24  2:48  SCV  
  25  2:52  Hellion  
  25  2:53  Hellion  
  25  2:54  Barracks Tech Lab  
  29  2:59  Orbital Command  
  29  3:04  SCV  
  30  3:14  Cyclone  
  30  3:16  SCV  
  33  3:27  SCV  
  33  3:28  SCV  
  33  3:30  Banshee  
  33  3:33  Marine  
  39  3:40  SCV  
  41  3:45  Supply Depot  
  40  3:49  Cyclone  
  42  3:56  SCV  
  43  4:07  Marine  
  40  4:16  SCV  
  39  4:20  SCV  
  35  4:25  Factory Reactor  
  35  4:28  SCV, Banshee  
  37  4:32  SCV  
  38  4:40  SCV  
  38  4:42  Cloaking Field  
  38  4:44  SCV  
  40  4:52  SCV  
  41  4:54  Supply Depot  
  41  4:56  SCV  
  42  5:01  Command Center  
  42  5:04  SCV  
  42  5:05  Hellion x2  
  47  5:08  SCV  
  48  5:16  SCV  
  48  5:18  Factory  
  48  5:20  SCV  
  50  5:22  Refinery  
  50  5:28  SCV  
  50  5:31  Armory  
  50  5:33  SCV  
  52  5:40  SCV  
  52  5:42  Supply Depot  
  53  5:45  SCV  
  54  5:50  Engineering Bay  
  54  5:52  SCV  
  54  5:55  Factory  
  55  5:57  SCV  
  55  6:02  Viking  
  58  6:04  SCV, Factory Tech Lab  
  58  6:09  SCV  
  60  6:14  Refinery  
  60  6:17  SCV  
  61  6:20  Orbital Command  
  61  6:21  SCV  
  62  6:29  SCV  
  62  6:32  Siege Tank  
  66  6:33  SCV  
  66  6:38  Missile Turret  
  67  6:40  Missile Turret  
  67  6:42  Factory Tech Lab  
  67  6:48  Missile Turret  
  67  6:49  Terran Vehicle Weapons Level 1  
  67  6:50  SCV  
  67  6:53  SCV x2  
  70  6:55  Missile Turret  
  70  7:01  Supply Depot, Siege Tank  
  70  7:02  SCV, Supply Depot  
  74  7:11  Siege Tank  
  74  7:14  Hellion  
  79  7:20  SCV x2  
  81  7:23  Raven  
  81  7:28  SCV  
  84  7:30  Hellion  
  84  7:34  Siege Tank  
  84  7:35  SCV  
  84  7:36  Hellion  
  84  7:37  SCV, Supply Depot, Armory  
  92  7:39  Missile Turret  
  94  7:51  Orbital Command, Thor  
  93  7:54  SCV  
  93  7:58  Missile Turret  
  100  8:02  SCV  
  100  8:04  Missile Turret  
  101  8:07  Refinery  
  101  8:08  SCV  
  101  8:10  Factory  
  101  8:15  Missile Turret  
  101  8:19  Hellion x3  
  107  8:21  Factory  
  107  8:24  SCV  
  108  8:30  SCV  
  109  8:37  Supply Depot x2  
  109  8:42  Supply Depot x2  
  109  8:45  Refinery  
  109  8:46  Terran Vehicle Weapons Level 2  
  109  8:52  Sensor Tower  
  109  8:55  SCV  
  109  8:57  Hellion x4  
  109  8:58  SCV x2, Hellion x2  
  109  8:59  Factory Tech Lab  
  109  9:01  Starport  
  115  9:03  Terran Vehicle And Ship Armor Level 1  
  115  9:07  SCV  
  114  9:10  SCV x2, Factory Tech Lab  
  114  9:12  Siege Tank  
  119  9:19  SCV  
  119  9:20  Siege Tank  
  119  9:22  SCV x2  
  125  9:24  Supply Depot  
  125  9:25  Supply Depot  
  125  9:31  SCV  
  125  9:34  SCV x2  
  125  9:36  Supply Depot  
  125  9:37  Command Center  
  128  9:38  Siege Tank  
  128  9:42  Viking  
  128  9:43  SCV  
  134  9:47  SCV  
  134  9:48  Infernal Pre-Igniter  
  134  9:49  Siege Tank  
  134  9:50  Siege Tank  
  141  9:54  Hellion  
  141  9:58  Viking  
  145  10:09  Thor  
  155  10:14  Hellion x2  
  155  10:16  Supply Depot  
  155  10:17  Supply Depot x3  
  155  10:19  Supply Depot  
  152  10:28  Hellion x2, Siege Tank  
  159  10:32  Viking x2  
  157  10:44  Thor  
  157  10:48  SCV  
  164  10:53  Missile Turret  
  164  10:55  Hellion, Siege Tank  
  167  11:01  Viking  
  167  11:02  Siege Tank  
  167  11:03  Hellion x2  
  176  11:09  Hellion x5  
  173  11:14  Missile Turret x2  
  173  11:16  Hellion  
  173  11:24  Hellion, Siege Tank  
  178  11:27  Hellion, Siege Tank  
  181  11:33  Viking  
  181  11:34  Siege Tank  
  181  11:38  Hellion  
  188  11:45  Hellion  
  190  11:48  Siege Tank  
  190  11:51  Terran Vehicle Weapons Level 3  
  185  11:56  Hellion  
  185  11:58  Hellion  
  185  11:59  Hellion x2  
  185  12:00  Terran Vehicle And Ship Armor Level 2  
  187  12:07  Hellion  
  189  12:11  Missile Turret  
  189  12:12  Missile Turret, Starport Tech Lab  
  189  12:13  Refinery  
  189  12:16  Refinery  
  189  12:25  Sensor Tower  
  189  12:28  Corvid Reactor  
  189  12:29  Missile Turret  
  189  12:33  Starport  
  184  12:56  Missile Turret x2  
  184  12:57  Missile Turret  
  184  12:59  Viking  
  184  13:00  Viking, Thor x2  
  200  13:07  Planetary Fortress  
  191  13:38  Viking x3  
  178  13:50  Thor  
  174  13:58  Factory Tech Lab  
  174  14:00  Factory Tech Lab  
  174  14:01  Hellion x3  
  180  14:04  SCV x2  
  180  14:06  Missile Turret  
  180  14:07  Viking, Missile Turret  
  180  14:08  Viking x2  
  188  14:12  Missile Turret  
  188  14:13  Missile Turret  
  188  14:16  SCV x3  
  191  14:22  Hellion  
  193  14:28  SCV x3  
  196  14:33  Terran Vehicle And Ship Armor Level 3  
  196  14:38  Viking  
  196  14:39  Command Center  
  196  14:40  SCV  
  196  14:48  Thor  
  196  14:51  Thor  
  198  14:56  Viking x2  
  198  14:57  Hellion, Siege Tank  
  185  15:00  Hellion  
  168  15:08  Viking  
  170  15:29  Siege Tank  
  170  15:31  Siege Tank, Raven  
  170  15:35  Siege Tank, Missile Turret  
  179  15:36  Missile Turret  
  167  15:51  Raven  
  169  16:03  Thor  
  171  16:11  SCV x2  
  171  16:12  Siege Tank  
  171  16:13  Raven  
  171  16:16  Missile Turret  
  171  16:18  Hellion x3  
  184  16:21  Factory Tech Lab  
  152  16:34  Raven  
  152  16:39  Hellion x3  
  136  16:41  Siege Tank  
  136  16:44  Siege Tank  
  136  16:47  Hellion  
  119  17:00  Hellion  
  119  17:01  Hellion, Planetary Fortress  
  123  17:05  Refinery x2  
  123  17:06  SCV  
  123  17:07  SCV  
  123  17:08  Siege Tank  
  128  17:14  Factory Tech Lab, Siege Tank  
  127  17:16  Siege Tank  
  127  17:18  Terran Ship Weapons Level 1  
  128  17:25  SCV  
  123  17:30  Hellion  
  123  17:34  Missile Turret  
  123  17:35  Missile Turret  
  123  17:37  Thor  
  123  17:40  Siege Tank  
  130  17:46  Siege Tank, Missile Turret  
  130  17:48  Thor  
  139  17:52  Hellion  
  140  18:04  Hellion  
  137  18:12  Siege Tank  
  140  18:13  Hellion  
  140  18:18  Siege Tank  
  141  18:20  Siege Tank  
  131  18:27  Hellion  
  131  18:31  Siege Tank  
  128  18:35  Hellion  
  128  18:37  SCV x3  
  132  18:44  Siege Tank  
  133  18:49  Hellion  
  133  18:50  Siege Tank  
  133  18:52  Siege Tank  
  141  18:56  Hellion  
  124  19:03  Siege Tank  
  124  19:06  Viking  
  124  19:08  SCV x2  
  129  19:10  Hellion  
  129  19:16  Siege Tank  
  133  19:17  Hellion  
  133  19:22  Siege Tank  
  137  19:24  Siege Tank  
  137  19:26  Banshee  
  143  19:38  Missile Turret  
  139  19:39  Siege Tank  
  119  19:57  Hellion, Siege Tank  
  123  20:01  Siege Tank  
  123  20:02  Hellion  
  117  20:11  Hellion  
  117  20:12  Hellion  
  112  20:15  Banshee  
  112  20:20  Refinery  
  106  20:21  SCV  
  106  20:23  Hellion  
  112  20:29  Hellion  
  112  20:31  SCV x2  
  112  20:33  Hellion, SCV x2  
  112  20:34  Hellion x2  
  122  20:42  Refinery  
  122  20:43  SCV x2  
  122  20:44  Hellion  
  122  20:45  SCV  
  122  20:46  SCV  
Show
View Real Time Build Order
Export as new Build Order

Zanster Zerg - Winner!

Build Orders: Pool First, Brood Lord Corruptor 

Get SALT Encoding   

  12  0:01  Drone  
  13  0:12  Overlord  
  13  0:17  Drone  
  14  0:31  Drone x2  
  14  0:34  Drone  
  17  0:45  Spawning Pool  
  17  0:48  Drone  
  17  0:56  Drone  
  18  1:12  Hatchery  
  18  1:13  Extractor  
  16  1:31  Zergling x6  
  19  1:33  Queen  
  21  1:42  Drone  
  22  1:53  Overlord  
  22  1:57  Roach Warren  
  21  2:04  Drone  
  22  2:15  Drone  
  23  2:25  Drone  
  23  2:27  Overlord  
  24  2:45  Roach x5  
  24  2:46  Roach  
  36  2:53  Roach  
  36  2:58  Roach  
  40  3:02  Overlord  
  40  3:11  Queen  
  42  3:16  Drone  
  42  3:18  Drone  
  44  3:20  Drone  
  44  3:23  Drone  
  44  3:26  Drone  
  47  3:29  Drone  
  47  3:32  Drone  
  49  3:34  Drone  
  49  3:39  Overlord  
  50  3:45  Drone  
  50  3:46  Drone  
  52  3:56  Overlord  
  52  3:59  Drone  
  52  4:00  Drone x2  
  50  4:05  Drone  
  50  4:06  Drone  
  52  4:13  Queen  
  50  4:21  Drone  
  45  4:24  Drone  
  45  4:28  Lair  
  45  4:30  Spore Crawler  
  41  4:31  Spore Crawler  
  41  4:33  Drone x2, Extractor  
  41  4:36  Extractor  
  40  4:41  Drone  
  40  4:42  Drone x6  
  40  4:43  Drone  
  48  4:54  Overlord  
  48  4:55  Queen  
  48  4:56  Drone  
  51  5:04  Evolution Chamber  
  51  5:07  Hatchery  
  49  5:10  Drone x2  
  49  5:11  Drone  
  52  5:15  Overlord  
  52  5:18  Drone x2  
  54  5:25  Roach x2  
  54  5:26  Roach  
  54  5:28  Overseer  
  60  5:34  Zerg Ground Armor Level 1  
  60  5:35  Glial Reconstitution  
  60  5:39  Overlord  
  60  5:47  Drone x5  
  60  5:48  Drone  
  66  5:50  Drone  
  66  5:54  Drone  
  68  6:05  Roach x2  
  68  6:08  Roach, Hatchery  
  68  6:09  Zergling x2  
  74  6:17  Roach  
  74  6:18  Roach  
  74  6:22  Overlord  
  74  6:31  Roach x4  
  79  6:37  Drone x2  
  80  6:43  Drone  
  80  6:44  Drone x3  
  80  6:46  Drone x2  
  86  6:48  Drone  
  86  6:53  Spore Crawler  
  86  6:56  Drone x3  
  89  7:03  Overlord  
  89  7:06  Drone  
  88  7:09  Drone  
  88  7:11  Queen  
  88  7:12  Overlord  
  89  7:17  Infestation Pit  
  89  7:19  Extractor, Hydralisk Den  
  89  7:21  Extractor  
  89  7:22  Extractor  
  84  7:23  Drone  
  84  7:24  Drone x2  
  84  7:25  Spore Crawler  
  86  7:32  Drone x2  
  86  7:33  Drone x4  
  92  7:37  Drone x3  
  92  7:39  Drone  
  92  7:41  Drone x2  
  92  7:42  Drone  
  92  7:43  Drone  
  101  7:44  Drone  
  101  7:47  Overlord  
  101  7:53  Roach x4  
  101  7:57  Ravager x3  
  112  8:00  Hive  
  112  8:04  Evolution Chamber  
  111  8:10  Zerg Ground Armor Level 2  
  111  8:11  Drone x2  
  113  8:14  Drone x3  
  116  8:21  Hydralisk  
  116  8:22  Hydralisk  
  116  8:23  Overlord  
  116  8:24  Overlord x2  
  120  8:31  Overlord  
  120  8:37  Drone, Extractor  
  120  8:38  Overlord  
  120  8:39  Extractor  
  120  8:40  Drone  
  120  8:42  Drone, Overlord x2  
  120  8:43  Drone x4  
  125  8:50  Hydralisk x8  
  141  8:55  Zerg Missile Weapons Level 1  
  141  8:58  Roach  
  141  8:59  Roach x3  
  141  9:00  Overlord  
  149  9:07  Muscular Augments  
  149  9:08  Roach x2  
  153  9:10  Overlord  
  153  9:13  Roach  
  153  9:14  Roach x2  
  153  9:15  Overlord  
  159  9:25  Overlord  
  159  9:38  Hatchery  
  159  9:44  Viper x3  
  167  9:46  Overlord  
  167  9:51  Hydralisk x5  
  177  9:54  Overlord  
  174  10:00  Zergling x2  
  174  10:05  Hydralisk x5  
  174  10:06  Roach x2  
  187  10:09  Roach  
  187  10:10  Roach x2  
  195  10:14  Roach x3  
  199  10:24  Overlord  
  199  10:28  Spire  
  196  10:32  Burrow  
  196  10:34  Tunneling Claws  
  196  10:38  Hatchery  
  196  10:39  Pneumatized Carapace  
  193  10:56  Zerg Missile Weapons Level 2  
  192  11:00  Zerg Ground Armor Level 3  
  192  11:06  Drone x7  
  197  11:16  Drone x2  
  197  11:17  Drone x10  
  199  11:23  Drone x5  
  199  11:24  Drone x2  
  197  11:28  Extractor  
  197  11:29  Drone, Extractor  
  197  11:30  Spine Crawler, Spore Crawler  
  197  11:31  Spine Crawler  
  192  11:37  Drone x6  
  192  11:47  Spine Crawler  
  192  11:50  Spine Crawler  
  187  11:57  Greater Spire  
  187  11:58  Spire  
  186  12:10  Extractor  
  186  12:11  Extractor  
  186  12:15  Queen  
  186  12:24  Zergling x2  
  186  12:26  Metabolic Boost  
  165  12:52  Corruptor  
  165  12:53  Corruptor x12  
  165  12:56  Drone x2  
  165  12:57  Drone x3  
  196  13:03  Spine Crawler  
  195  13:09  Spine Crawler  
  194  13:17  Corruptor  
  194  13:18  Corruptor x2  
  200  13:31  Zerg Flyer Armor Level 1, Zerg Flyer Weapons Level 1  
  200  13:40  Hydralisk  
  186  13:54  Brood Lord x10  
  190  13:57  Drone  
  190  13:58  Drone x3  
  195  14:02  Drone  
  195  14:03  Drone x3  
  198  14:15  Corruptor  
  200  14:18  Overlord  
  198  14:40  Zerg Melee Weapons Level 1, Zerg Missile Weapons Level 3  
  198  14:52  Hydralisk  
  180  14:53  Hydralisk x10  
  180  14:54  Roach  
  180  14:58  Hydralisk x6  
  180  14:59  Hydralisk  
  193  15:06  Viper x3  
  162  15:10  Viper  
  151  15:22  Roach x8  
  151  15:27  Roach x4  
  175  15:32  Ravager, Roach x3  
  182  15:40  Roach  
  182  15:41  Roach x5  
  188  15:43  Ravager x8  
  188  15:49  Roach x2  
  200  15:51  Roach x2  
  198  16:00  Hydralisk  
  198  16:01  Roach, Hydralisk x5  
  200  16:14  Hatchery  
  188  16:31  Roach, Hydralisk  
  188  16:32  Roach x7, Hydralisk x5  
  199  16:38  Hydralisk  
  199  16:39  Hydralisk x6  
  174  16:44  Roach  
  174  16:45  Roach x2  
  172  16:47  Roach x2  
  172  16:51  Viper x3  
  175  16:59  Roach x4  
  183  17:12  Roach x8  
  199  17:23  Zerg Melee Weapons Level 2  
  199  17:26  Hatchery  
  196  17:32  Roach  
  196  17:33  Roach  
  200  17:38  Drone  
  200  17:44  Drone x3  
  197  18:00  Drone x4  
  200  18:13  Extractor  
  177  18:32  Roach x6, Hydralisk x10  
  177  18:33  Roach x4  
  200  18:36  Adrenal Glands  
  198  18:42  Roach x2  
  198  19:01  Roach x7  
  197  19:06  Roach x2  
  199  19:11  Roach x7  
  199  19:15  Roach x5  
  199  19:19  Roach x2  
  193  19:42  Spine Crawler x2  
  193  19:44  Spine Crawler  
  182  19:45  Spine Crawler  
  182  19:46  Spore Crawler  
  166  19:53  Roach x7, Hydralisk x8  
  166  19:54  Roach  
  188  20:06  Roach x13, Hydralisk  
  195  20:10  Roach x6  
  195  20:13  Roach x4  
  189  20:25  Roach  
  189  20:26  Roach x6  
  191  20:36  Roach x5  
  199  20:44  Extractor  
  199  20:45  Extractor  
Tags
 
Add a new tag
Caveats
  • Supply blocks, unpowered buildings, or Contaminate may cause inaccurate times.
  • Supply counts are checked every 10 seconds.